Map: King's Cove LE

Players

Yoda - Winner!

  • Race: Terran Terran
  • League: Grandmaster
  • Spawn Location: 11:00

Maha

  • Race: Protoss Protoss
  • League: Grandmaster
  • Spawn Location: 5:00

VOD

Have the link to the VOD?

Description

Time

  • Played on: June 12, 2019, 3:57 p.m.
  • Length: 17:04
Show
View Real Time Build Order
Export as new Build Order

Yoda Terran - Winner!

Build Orders: Gas First Reaper Expand, Liberator Opening, Mech 

Get SALT Encoding   

  12  0:01  SCV  
  13  0:13  SCV  
  14  0:18  Supply Depot  
  14  0:25  SCV  
  15  0:29  Refinery  
  15  0:40  SCV  
  16  0:46  Barracks  
  16  0:52  SCV  
  17  1:04  SCV  
  18  1:16  SCV  
  19  1:33  Orbital Command, Reaper  
  20  1:51  Command Center  
  20  2:00  SCV  
  21  2:06  Marine  
  22  2:08  Supply Depot  
  22  2:12  SCV  
  23  2:22  Factory  
  23  2:24  Barracks Reactor  
  23  2:30  SCV  
  23  2:31  Refinery  
  24  2:42  SCV  
  25  2:54  SCV  
  26  3:05  Orbital Command  
  26  3:07  Starport  
  26  3:14  Hellion x2  
  26  3:16  Barracks Tech Lab  
  26  3:18  SCV  
  31  3:31  SCV  
  31  3:33  SCV  
  33  3:35  Hellion x2, Supply Depot  
  37  3:43  SCV  
  37  3:45  Starport Tech Lab, SCV  
  39  3:49  Liberator, Refinery  
  39  3:55  SCV  
  40  4:00  SCV  
  41  4:07  Marine, SCV  
  46  4:12  SCV  
  46  4:15  Siege Tank  
  46  4:16  Supply Depot  
  50  4:19  SCV  
  50  4:24  SCV  
  52  4:31  SCV  
  52  4:32  Liberator  
  52  4:36  SCV  
  52  4:37  Supply Depot  
  52  4:38  Bunker  
  54  4:42  Marine x2  
  54  4:43  SCV  
  60  4:56  SCV  
  60  4:57  SCV, Command Center, Refinery  
  62  5:01  Supply Depot  
  62  5:08  Siege Tank, SCV  
  62  5:10  Marine x2  
  62  5:13  SCV  
  69  5:20  SCV  
  70  5:25  SCV  
  70  5:28  Marine x2  
  73  5:32  SCV  
  74  5:37  SCV  
  74  5:38  Armory x2  
  73  5:44  SCV  
  73  5:46  Marine x2  
  73  5:49  SCV  
  77  5:52  Supply Depot  
  77  5:53  Siege Tank, Supply Depot  
  77  5:56  SCV  
  81  6:01  SCV  
  81  6:04  Marine  
  82  6:05  Factory  
  82  6:06  Factory  
  82  6:09  Orbital Command  
  82  6:10  SCV  
  84  6:13  SCV  
  85  6:22  SCV  
  85  6:25  SCV  
  88  6:26  Siege Tank  
  88  6:34  Terran Vehicle Weapons Level 1, Terran Vehicle And Ship Armor Level 1, SCV  
  88  6:37  SCV  
  89  6:46  Factory, SCV  
  89  6:49  Factory, SCV  
  89  6:53  Barracks Reactor  
  86  6:58  Siege Tank, SCV  
  86  6:59  Orbital Command  
  84  7:01  SCV  
  79  7:09  Siege Tank  
  79  7:10  Hellion x2, SCV  
  79  7:14  SCV  
  88  7:18  Viking  
  88  7:21  Engineering Bay  
  90  7:23  SCV  
  90  7:26  SCV  
  92  7:30  Siege Tank  
  92  7:33  Refinery x2  
  95  7:37  Factory Reactor, Factory Tech Lab  
  95  7:38  Hellion  
  95  7:39  Hellion  
  95  7:42  Siege Tank  
  97  7:55  SCV x3  
  95  7:59  Bunker  
  95  8:00  Hellion x2  
  95  8:03  Hellion  
  95  8:05  Infernal Pre-Igniter  
  101  8:06  Drilling Claws  
  101  8:07  SCV  
  101  8:08  SCV  
  101  8:11  Supply Depot  
  101  8:12  SCV  
  104  8:14  Siege Tank  
  104  8:19  SCV  
  106  8:20  SCV  
  106  8:21  Hellion  
  107  8:27  SCV  
  107  8:29  Hellion  
  107  8:33  Liberator x2, Hellion x2  
  118  8:43  Hellion  
  118  8:44  Sensor Tower, Command Center  
  118  8:47  Supply Depot x2  
  118  8:48  Supply Depot  
  120  8:50  Supply Depot  
  124  8:59  Supply Depot  
  124  9:00  Terran Vehicle Weapons Level 2, Supply Depot  
  124  9:01  Terran Vehicle And Ship Armor Level 2  
  118  9:07  Missile Turret  
  118  9:08  Missile Turret x3  
  118  9:09  SCV x2  
  120  9:10  Missile Turret  
  120  9:11  Hellion x2, Siege Tank  
  120  9:15  Hellion  
  120  9:16  SCV  
  125  9:27  Hellion, Siege Tank x2  
  121  9:32  Hellion, Smart Servos  
  123  9:44  Medivac x2  
  127  9:48  Command Center  
  127  9:51  Widow Mine x3  
  127  9:52  Missile Turret  
  133  9:55  Cyclone  
  133  9:59  Widow Mine, Cyclone  
  143  10:00  Widow Mine  
  143  10:13  Widow Mine  
  139  10:16  Widow Mine x2  
  141  10:33  Siege Tank x2  
  141  10:34  Hellion x2  
  145  10:37  Hellion x2  
  145  10:40  Widow Mine, Medivac  
  153  10:46  Hi-Sec Auto Tracking  
  153  10:50  Missile Turret x2  
  153  10:55  Siege Tank  
  156  11:04  Factory  
  156  11:05  Orbital Command, Siege Tank  
  156  11:06  Factory  
  156  11:07  Factory  
  156  11:10  Command Center  
  159  11:11  Command Center  
  159  11:25  Terran Vehicle Weapons Level 3  
  159  11:28  SCV x3  
  162  11:36  Refinery  
  159  11:40  Refinery  
  159  11:41  Siege Tank x2  
  159  11:42  Hellion x4, Siege Tank  
  173  12:03  Hellion  
  173  12:05  Widow Mine  
  179  12:14  Siege Tank x2  
  180  12:16  Factory Tech Lab x2  
  180  12:18  Factory Tech Lab  
  180  12:20  Factory Tech Lab  
  169  12:26  Hellion  
  169  12:27  Hellion  
  169  12:28  Planetary Fortress  
  169  12:30  Factory Tech Lab x3  
  169  12:38  Planetary Fortress  
  165  12:46  Siege Tank x2  
  165  12:49  Siege Tank  
  165  12:50  Hellion x4, Siege Tank x2  
  182  12:59  Planetary Fortress  
  182  13:00  Sensor Tower  
  182  13:01  Refinery x2  
  176  13:11  Viking x2  
  178  13:25  Hellion x2  
  186  13:27  Thor x2  
  189  13:43  Thor  
  172  13:56  Command Center  
  172  13:58  SCV x3  
  164  14:05  Terran Vehicle And Ship Armor Level 3  
  164  14:06  Terran Ship Weapons Level 1  
  164  14:09  Missile Turret  
  160  14:11  Missile Turret  
  160  14:12  Missile Turret  
  160  14:13  Thor x2  
  173  14:17  SCV x6  
  173  14:19  SCV  
  179  14:29  SCV x4  
  182  14:38  SCV x3  
  185  14:41  SCV x3  
  188  14:46  Thor  
  194  14:54  Thor  
  187  15:17  Thor  
  194  15:23  Thor  
  187  15:38  Thor  
  187  15:41  SCV x3  
  187  15:46  SCV x2  
  187  15:48  Thor  
  184  15:53  SCV x2  
  175  16:01  SCV  
  175  16:02  SCV x3  
  175  16:05  SCV x2  
  175  16:11  Thor x2  
  177  16:13  SCV  
  177  16:15  SCV x2  
  177  16:16  Orbital Command  
  186  16:20  Sensor Tower  
  186  16:35  SCV x3  
  186  16:37  Command Center  
  189  16:40  SCV x3  
Show
View Real Time Build Order
Export as new Build Order

Maha Protoss 

Build Orders: 1 Gate Expand, Phoenix Opening, Blink Stalkers, Carriers 

Get SALT Encoding   

  12  0:01  Probe  
  13  0:13  Probe  
  14  0:20  Pylon  
  14  0:26  Probe  
  15  0:34  Probe  
  15  0:41  Gateway  
  16  0:43  Probe  
  17  0:50  Assimilator  
  17  0:53  Probe  
  18  1:05  Probe  
  19  1:18  Probe  
  20  1:30  Probe, Cybernetics Core  
  21  1:42  Nexus  
  21  1:46  Pylon  
  21  1:48  Probe  
  22  1:54  Assimilator  
  22  1:56  Stalker  
  22  2:00  Probe  
  25  2:13  Probe  
  26  2:16  Warp Gate  
  26  2:25  Probe  
  27  2:32  Sentry  
  29  2:37  Probe  
  30  2:49  Probe  
  31  2:52  Twilight Council  
  31  2:55  Probe  
  32  3:01  Stalker, Probe  
  35  3:07  Probe  
  35  3:09  Blink  
  35  3:12  Pylon  
  36  3:13  Probe  
  36  3:15  Phoenix  
  36  3:19  Probe  
  38  3:28  Probe  
  38  3:29  Probe  
  38  3:32  Gateway  
  38  3:34  Gateway  
  40  3:40  Probe  
  40  3:44  Probe  
  42  3:51  Probe  
  42  3:54  Robotics Facility  
  43  3:56  Probe  
  44  4:03  Probe  
  44  4:08  Probe  
  44  4:09  Assimilator  
  46  4:10  Assimilator  
  46  4:15  Probe  
  46  4:16  Pylon  
  47  4:17  Stalker  
  49  4:27  Pylon  
  49  4:29  Gateway  
  49  4:30  Stalker  
  49  4:31  Stalker  
  53  4:33  Probe  
  53  4:34  Probe  
  55  4:43  Observer  
  55  4:45  Pylon, Stalker, Probe  
  59  4:46  Probe  
  59  4:48  Pylon x2  
  60  4:56  Nexus  
  60  5:01  Stalker  
  62  5:24  Observer, Probe x2  
  62  5:27  Stalker x3, Forge  
  71  5:30  Robotics Bay  
  70  5:42  Probe x2  
  68  5:51  Stalker x3  
  68  5:56  Probe x2  
  76  6:08  Probe  
  77  6:14  Stalker x3, Protoss Ground Weapons Level 1  
  83  6:24  Colossus  
  81  6:26  Probe  
  81  6:27  Probe  
  81  6:30  Probe  
  83  6:39  Probe x2  
  91  6:42  Probe  
  92  6:51  Probe  
  89  6:58  Probe  
  80  7:09  Stalker x3  
  80  7:12  Probe  
  80  7:13  Probe x2  
  89  7:19  Colossus  
  95  7:23  Pylon  
  95  7:25  Probe x3  
  95  7:26  Photon Cannon  
  95  7:29  Pylon  
  98  7:34  Gateway  
  98  7:36  Gateway  
  98  7:37  Probe x2, Extended Thermal Lance  
  98  7:48  Probe  
  98  7:49  Probe  
  100  7:52  Observer  
  100  7:57  Stalker x3  
  106  8:02  Gateway  
  106  8:03  Gateway  
  106  8:04  Shield Battery  
  106  8:05  Gateway  
  106  8:07  Probe  
  106  8:08  Probe x2  
  106  8:11  Assimilator  
  109  8:13  Assimilator  
  109  8:26  Stalker x3  
  115  8:33  Charge  
  115  8:36  Probe x2  
  115  8:39  Probe  
  117  8:42  Warp Prism  
  117  8:48  Probe x2, Protoss Ground Armor Level 1  
  115  8:49  Nexus  
  117  8:56  Pylon  
  117  8:58  Probe  
  117  8:59  Pylon  
  117  9:00  Probe  
  117  9:01  Pylon  
  117  9:03  Pylon  
  117  9:16  Photon Cannon  
  117  9:18  Photon Cannon  
  117  9:20  Shield Battery  
  117  9:21  Stalker x3  
  117  9:23  Gravitic Drive  
  121  9:25  Probe x3  
  126  9:39  Stargate  
  124  9:52  Pylon  
  124  9:58  Protoss Air Weapons Level 1  
  124  10:00  Zealot x8  
  140  10:08  Gateway x2  
  128  10:16  Probe x3  
  128  10:17  Probe  
  130  10:22  Stalker x2  
  130  10:28  Probe x3  
  129  10:29  Probe  
  129  10:32  Zealot x2  
  124  10:36  Probe x2  
  124  10:38  Probe  
  124  10:40  Probe  
  124  10:42  Stalker x2  
  130  10:44  Probe x2  
  134  10:51  Probe  
  134  10:53  Probe x3  
  138  10:59  Probe  
  138  11:01  Probe  
  139  11:05  Probe  
  139  11:07  Protoss Ground Weapons Level 2  
  139  11:08  Photon Cannon  
  139  11:09  Probe  
  139  11:10  Probe  
  141  11:11  Photon Cannon  
  141  11:16  Oracle  
  146  11:29  Warp Prism  
  148  11:40  Photon Cannon  
  148  11:44  Photon Cannon  
  148  11:49  Assimilator  
  148  11:50  Assimilator  
  148  11:52  Fleet Beacon  
  148  11:54  Stargate  
  148  11:56  Stargate  
  148  12:00  Probe  
  148  12:01  Probe  
  141  12:10  Probe  
  141  12:11  Probe x2  
  141  12:12  Probe  
  141  12:13  Stalker x3  
  138  12:18  Probe  
  138  12:19  Probe  
  138  12:20  Probe x2  
  139  12:27  Probe  
  139  12:29  Probe x3  
  146  12:39  Probe  
  146  12:41  Probe x3  
  150  12:51  Pylon, Probe  
  147  12:53  Probe x2  
  150  13:03  Templar Archives  
  150  13:12  Carrier x3  
  164  13:43  Zealot x8  
  164  13:47  Dark Shrine  
  178  14:07  Protoss Ground Armor Level 2  
  178  14:08  Protoss Air Weapons Level 2  
  178  14:09  Nexus, Carrier x2  
  162  14:10  Carrier  
  162  14:16  Stargate  
  180  14:18  Stargate  
  172  14:33  Pylon  
  172  14:41  Probe, Nexus  
  167  14:53  Probe  
  167  14:54  Stalker x3  
  172  15:06  Carrier x3  
  174  15:13  Zealot x2  
  152  15:29  Carrier  
  122  16:19  Probe  
  122  16:20  Probe  
  122  16:21  Probe  
  125  16:33  Probe x3  
  124  16:42  Pylon  
  124  16:44  Pylon  
  124  16:51  Pylon  
Tags
 
Add a new tag
Caveats
  • Supply blocks, unpowered buildings, or Contaminate may cause inaccurate times.
  • Supply counts are checked every 10 seconds.